AoeStats
← felixpouteau920

MegaRandom

506257145Analyzed
1v1 RM · 18d ago on Sep 12, 2026· 73m 0s· 2 players
Game mode
Random Map
Map size
Tiny (2 player)
Population
200
Speed
Normal
Resources
Standard
Victory
Conquest
Starting age
Dark Age
Ending age
Imperial Age
RankedLock teamsTeams togetherTeam positionsShared explorationLock speedFull tech treeHidden civsTurbo modeCheats
Victory
Defeat
🇫🇷 Mongols · France
713
+23
🇹🇷 Huns · Türkiye
678
-14
arjinsimsek97
11:15 Feudal Age
12:50 Double-Bit Axe
14:58 Wheelbarrow
18:41 Horse Collar
20:26 Forging
20:22 Scale Barding Armor
20:25 Man-at-Arms
22:08 Loom
24:56 Bloodlines
28:23 Castle Age
29:16 Pikeman
34:47 Squires
35:59 Heavy Plow
47:27 Iron Casting
46:52 Scale Mail Armor
felixpouteau920
10:43 Feudal Age
10:22 Loom
11:31 Horse Collar
15:24 Double-Bit Axe
16:48 Scale Barding Armor
17:42 Gold Mining
18:35 Bloodlines
25:11 Castle Age
26:30 Chain Barding Armor
28:29 Pikeman
30:12 Stone Mining
36:53 Wheelbarrow
39:21 Imperial Age
37:35 Wheelbarrow
38:05 Heavy Plow
40:17 Elite Steppe Lancer
57:03 Gold Shaft Mining
57:40 Spies/Treason
63:44 Heavy Camel Rider
63:46 Cavalier
63:51 Light Cavalry
64:33 Husbandry
64:05 Cavalier
65:15 Hand Cart
65:15 Bow Saw
65:42 Coinage
65:12 Caravan
Connection lost

Rejoining the realm…

Still unreachable

The connection could not be restored.

Session expired

The server has moved on; the page needs a fresh start.